 Dungeon Crawl Stone Soup version 0.22.0-60-ga52c2fc (console) character file.

182 bli the Magician (level 5, 0/37 HPs)
             Began as a Demonspawn Wanderer on Sept 9, 2018.
             Slain by a gnoll
             ... wielding a +0 club
              (6 damage)
             ... on level 5 of the Dungeon.
             The game lasted 00:14:52 (2876 turns).

bli the Magician (Demonspawn Wanderer)              Turns: 2876, Time: 00:14:53

Health: 0/37       AC:  3    Str: 14    XL:     5   Next: 35%
Magic:  13/13      EV: 12    Int: 10    God:
Gold:   220        SH:  0    Dex: 12    Spells: 14/15 levels left

rFire    + . .     SeeInvis .   a - +1 dagger (venom)
rCold    . . .     Gourm    .   (no shield)
rNeg     . . .     Faith    .   d - +0 robe
rPois    .         Spirit   .   o - +1 hat
rElec    .         Reflect  .   (no cloak)
rCorr    .         Harm     .   (no gloves)
MR       .....     Clarity  +   (no boots)
Stlth    ++........             (no amulet)
HPRegen  0.12/turn              k - -3 ring of intelligence (curse)
MPRegen  0.13/turn              (no ring)

@: no status effects
A: horns 2, clarity, fire resistance 1
a: no special abilities


You were on level 5 of the Dungeon.
You were not hungry.

You visited 1 branch of the dungeon, and saw 5 of its levels.

You collected 220 gold pieces.

Inventory:

Hand Weapons
 a - a +1 dagger of venom (weapon)
 b - a +4 spear
 j - a +1 vampiric dagger
 q - a +0 dagger of venom
Armour
 d - a +0 robe (worn)
 m - a cursed +0 plate armour
 o - a +1 hat (worn)
Jewellery
 k - a cursed -3 ring of intelligence (left hand)
Scrolls
 c - 2 scrolls of teleportation {unknown}
 e - 2 scrolls of identify {unknown}
 h - 2 scrolls of enchant weapon {unknown}
 n - 2 scrolls of immolation {unknown}
 p - 3 scrolls of remove curse {unknown}
Potions
 i - a potion of degeneration {unknown}
 l - a potion of heal wounds {unknown}
Comestibles
 g - 11 rations


   Skills:
 + Level 1.2 Fighting
 + Level 1.1 Dodging
 + Level 2.2 Stealth
 + Level 5.6 Spellcasting
 * Level 3.4 Conjurations
   Level 1.0 Hexes
   Level 1.0 Charms
   Level 1.0 Summonings


You had 14 spell levels left.
You knew the following spells:

 Your Spells              Type           Power        Failure   Level  Hunger
a - Magic Dart            Conj           #...         5%          1    None

Your spell library contained the following spells:

 Spells                   Type           Power        Failure   Level  Hunger
 Confusing Touch          Hex            #.....       14%         1    None
 Summon Small Mammal      Summ           #...         14%         1    None
 Animate Skeleton         Necr           N/A          22%         1    None
 Apportation              Tloc           #.....       22%         1    None
 Pain                     Necr           #...         22%         1    None
 Call Imp                 Summ           #.......     22%         2    ##.....
 Slow                     Hex            #.......     22%         2    ##.....
 Blink                    Tloc           N/A          32%         2    ##.....
 Conjure Flame            Conj/Fire      #.......     32%         3    ###....
 Mephitic Cloud           Conj/Pois/Air  #.......     38%         3    ###....
 Vampiric Draining        Necr           #.........   54%         3    ###....


Dungeon Overview and Level Annotations

Branches:
Dungeon (5/15)
 Temple: D:4-7

Altars:
Qazlal
Wu Jian

Annotations:
D:4 Dowan, Duvessa


Innate Abilities, Weirdness & Mutations

You have a pair of horns on your head.
You possess an exceptional clarity of mind.
Your flesh is heat resistant. (rF+)


Message History

Confirm with . or Enter, or press ? or * to list all spells.
Aiming: Magic Dart (safe; 5% risk of failure)
Press: ? - help, Shift-Dir - straight line, f - gnoll
Aim: a gnoll, wielding a club and carrying a wand of paralysis (10)
The magic dart hits the gnoll.
You hit the gnoll.
The gnoll is poisoned.
Your headbutt misses the gnoll.
The gnoll is lightly wounded.
The gnoll misses you.
You hit the gnoll but do no damage. Your headbutt misses the gnoll.
The gnoll is lightly wounded.
The gnoll zaps a wand.
You suddenly lose the ability to move!
The gnoll hits you with a club. x4
* * * LOW HITPOINT WARNING * * *
The gnoll hits you with a club.
* * * LOW HITPOINT WARNING * * *
You can move again.
It was a potion of mutation.
You feel extremely strange.
Your thoughts seem clearer.
You feel resistant to heat. The gnoll hits you with a club.
You die...

# ##### ###.
.(. # #≈...
..#.#
#..g..##.#.#
.g._..).g..#
#.....##g###
#§... #@# ###.
#.# #. #.# ..
#.# . #.# #.#
#(#
#.#############
#.............#
############.##
#....##.#


You could see 2 gnolls.

Vanquished Creatures
  A crimson imp (D:5)
  A bullfrog skeleton (D:4)
  Terence (D:3)
  A gnoll (D:5)
  An ooze (D:2)
  4 worms
  A dart slug (D:1)
  3 leopard geckos
  3 orcs (D:3)
  3 giant cockroaches
  9 goblins
  5 hobgoblins
  2 quokkas
  6 bats
  2 frilled lizards
  15 kobolds
  8 rats
66 creatures vanquished.

Notes
Turn   | Place    | Note
-------+----------+-------------------------------------------
     0 | D:1      | bli the Demonspawn Wanderer began the quest for the Orb.
     0 | D:1      | bli set off with: a potion of curing, a +0 robe, a +0 club,
                  | a +0 dagger, a ration
     0 | D:1      | Reached XP level 1. HP: 13/13 MP: 6/6
     2 | D:1      | Learned a level 1 spell: Magic Dart
   163 | D:1      | Reached skill level 1 in Conjurations
   321 | D:1      | Gained mutation: You have a pair of small horns on your
                  | head. [demonic ancestry]
   321 | D:1      | Reached XP level 2. HP: 19/19 MP: 5/8
   997 | D:2      | Reached skill level 1 in Fighting
   997 | D:2      | Gained mutation: You have a pair of horns on your head.
                  | [demonic ancestry]
   997 | D:2      | Reached XP level 3. HP: 26/26 MP: 5/9
  1818 | D:3      | Found an ornate altar of the Wu Jian Council.
  1889 | D:3      | Reached XP level 4. HP: 32/32 MP: 4/11
  1996 | D:3      | Noticed Terence
  2008 | D:3      | Killed Terence
  2008 | D:3      | Reached skill level 1 in Dodging
  2603 | D:4      | Reached XP level 5. HP: 19/37 MP: 8/13
  2687 | D:4      | Noticed Dowan
  2693 | D:4      | Noticed Duvessa
  2713 | D:5      | Entered Level 5 of the Dungeon
  2848 | D:5      | Found a stormy altar of Qazlal.
  2849 | D:5      | Paralysed by a gnoll for 7 turns
  2864 | D:5      | Paralysed by a gnoll for 2 turns
  2869 | D:5      | Paralysed by a gnoll for 7 turns
  2876 | D:5      | Gained mutation: You possess an exceptional clarity of
                  | mind. [potion of mutation]
  2876 | D:5      | Gained mutation: Your flesh is heat resistant. (rF+)
                  | [potion of mutation]
  2876 | D:5      | Slain by a gnoll

Skill      XL: |  1  2  3  4 |
---------------+-------------+-----
Conjurations   | 1 2 3 |  3.4
Fighting       | 1 |  1.2
Stealth        | 2 |  2.2
Dodging        | 1 |  1.1
Spellcasting   | |  5.6
Hexes          | |  1.0
Charms         | |  1.0
Summonings     | |  1.0

Action                   |  1- 3 |  4- 6 || total
-------------------------+-------+-------++-------
Melee: Club              |    21 |       ||    21
       Headbutt          |     6 |     7 ||    13
       Dagger            |    22 |    24 ||    46
       Spear             |     9 |    15 ||    24
 Cast: Magic Dart        |    98 |    39 ||   137
  Use: Scroll            |     2 |       ||     2
       Potion            |       |     2 ||     2
 Stab: Sleeping          |     1 |       ||     1
  Eat: Chunk             |     3 |     3 ||     6
Armor: Robe              |     6 |    10 ||    16
Dodge: Dodged            |    28 |    22 ||    50
